AoeStats
← O grande

Arabia

505869349Analyzed
1v1 RM · 20d ago on Sep 11, 2026· 52m 51s· 2 players
Game mode
Random Map
Map size
Tiny (2 player)
Population
200
Speed
Normal
Resources
Standard
Victory
Conquest
Starting age
Dark Age
Ending age
Imperial Age
RankedLock teamsTeams togetherTeam positionsShared explorationLock speedFull tech treeHidden civsTurbo modeCheats
Victory
Defeat
🇧🇷 Chinese · Brazil
2029
+18
🇦🇷 Armenians · Argentina
2062
-18
O grande
0:25 Loom
8:52 Feudal Age
9:28 Double-Bit Axe
19:06 Castle Age
17:52 Horse Collar
18:06 Gold Mining
18:29 Fletching
20:06 Bodkin Arrow
20:26 Crossbowman
27:54 Wheelbarrow
28:00 Scale Barding Armor
29:30 Hand Cart
34:29 Imperial Age
31:45 Town Watch
32:13 Stone Mining
33:06 Bow Saw
32:56 Heavy Plow
33:32 Gold Shaft Mining
33:38 Stone Shaft Mining
34:05 Chain Barding Armor
34:59 Bloodlines
34:50 Husbandry
35:24 Bracer
36:01 Ballistics
36:44 Chemistry
36:53 Plate Barding Armor
36:55 Forging
36:09 Elite Skirmisher
36:21 Cavalier
36:23 Light Cavalry
39:08 Iron Casting
38:45 Guard Tower
40:28 Keep
40:15 Padded Archer Armor
40:22 Thumb Ring
40:39 Arrowslits
40:51 Murder Holes
42:29 Leather Archer Armor
42:26 Town Patrol
43:49 Blast Furnace
43:01 Masonry
44:48 Two-Man Saw
44:20 Architecture
46:19 Ring Archer Armor
46:11 Conscription
46:19 Great Wall
47:25 Capped Ram
48:45 Fortified Wall
48:30 Siege Ram
the best BO's
7:01 Loom
9:06 Feudal Age
9:17 Man-at-Arms
9:43 Double-Bit Axe
10:39 Town Watch
19:37 Castle Age
18:24 Horse Collar
18:35 Gold Mining
19:57 Elite Skirmisher
20:58 Fletching
22:47 Bow Saw
22:51 Padded Archer Armor
23:46 Bodkin Arrow
28:17 Wheelbarrow
29:41 Gold Shaft Mining
34:23 Imperial Age
32:28 Crossbowman
33:36 Heavy Plow
34:40 Leather Archer Armor
35:14 Ballistics
35:19 Bracer
35:56 Hand Cart
37:56 Masonry
39:57 Chemistry
39:29 Pikeman
40:10 Squires
40:11 Scale Mail Armor
41:41 Hoardings
41:34 Halberdier
42:30 Chain Mail Armor
44:07 Forging
44:52 Arbalester
47:09 Plate Mail Armor
47:15 Iron Casting
46:37 Long Swordsman
47:02 Gambesons
47:03 Arson
Connection lost

Rejoining the realm…

Still unreachable

The connection could not be restored.

Session expired

The server has moved on; the page needs a fresh start.